 Dungeon Crawl Stone Soup version 0.18.1-50-g88ac8fd (webtiles) character file.

60 GrayLizard the Sneak (level 4, -1/27 HPs)
             Began as a Kobold Assassin on Mar 17, 2017.
             Slain by an orc
             ... wielding a +0 hand axe
              (3 damage)
             ... on level 3 of the Dungeon.
             The game lasted 00:16:59 (2970 turns).

GrayLizard the Sneak (Kobold Assassin)              Turns: 2970, Time: 00:17:00

Health: -1/27      AC:  8    Str:  9    XL:     4   Next: 25%
Magic:  4/4        EV:  6    Int:  9    God:
Gold:   72         SH:  0    Dex: 18    Spells: 0 memorised, 3 levels left

rFire  . . .     SeeInvis .     o - +0 hand axe
rCold  + . .     Gourm    .     x - +0 scale mail
rNeg   . . .     Faith    .     (shield restricted)
rPois  .         Spirit   .     (no helmet)
rElec  .         Dismiss  .     d - +0 cloak
rCorr  .         Reflect  .     (no gloves)
SustAt .         Harm     .     t - +0 pair of boots (curse) {death}
MR     .....                    (no amulet)
Stlth  +++.......               (no ring)
                                q - ring of protection from cold

@: not resistant to hostile enchantments, fairly stealthy
A: carnivore 3
a: no special abilities


You were on level 3 of the Dungeon.
You were not hungry.

You visited 1 branch of the dungeon, and saw 4 of its levels.

You collected 72 gold pieces.

Inventory:

Hand Weapons
 a - a +2 dagger
 b - a +0 blowgun
 g - a +0 whip
 n - a +0 club
 o - a +0 hand axe (weapon)
 p - a cursed -1 club
 r - a +0 club
Missiles
 e - 19 poisoned needles
 f - 2 curare-tipped needles
 h - 13 bolts
 w - 35 arrows
Armour
 d - a +0 cloak (worn)
 i - a +0 robe
 t - a cursed +0 pair of boots (worn) {death}
 x - a +0 scale mail (worn)
Jewellery
 q - a ring of protection from cold (left hand)
Scrolls
 j - a scroll of amnesia {unknown}
 l - a scroll of enchant weapon {unknown}
 m - a scroll of teleportation {unknown}
 u - 2 scrolls of identify {unknown}
 v - 2 scrolls of remove curse {unknown}
Potions
 c - a potion of might {unknown}
 k - a potion of magic {unknown}
 s - a potion of degeneration {unknown}
 A - a potion of haste {unknown}
Comestibles
 z - a bread ration


   Skills:
 + Level 2.4 Fighting
 + Level 2.9 Short Blades
 + Level 2.5 Throwing
 + Level 0.4 Armour
 + Level 2.5 Dodging
 + Level 6.3 Stealth


You had 3 spell levels left.
You didn't know any spells.

Dungeon Overview and Level Annotations

Branches:
Dungeon (4/15)
 Temple: D:4-7

Altars:
Qazlal

Annotations:
D:3 STERN's ghost, amateur SpAs


Innate Abilities, Weirdness & Mutations

You are small and have problems with some larger weapons.
You are carnivorous and can eat meat at any time.


Message History

The hobgoblin shouts!
The bat barely misses you.
You hit the quokka.
You kill the quokka!
You barely miss the adder. You closely miss the bat.
You closely miss the hobgoblin. The bat barely misses you.
The adder bites you but does no damage. The hobgoblin barely misses you.
The adder bites you but does no damage.
You hit the bat.
You kill the bat!
You hit the hobgoblin.
You kill the hobgoblin!
You hit the adder.
The adder is moderately wounded.
The adder closely misses you. The adder bites you but does no damage.
The orc barely misses you. The adder barely misses you.
There is a stone staircase leading down here.
You see here a bat corpse.
The adder bites you but does no damage. The orc hits you with a hand axe.
You die...

#..##
##.......##.#
#.##
##.....##
#!## ##(..##
#..# #'##
##o# .#
####g##### #
#........###
#.##oSo....#
# #.@(..#.#
#...)....#
#####.##.#
#.# .# #.. .
#### #


You could see an orc priest, an adder, 2 orcs and a goblin.

Vanquished Creatures
  2 adders
  A worm (D:2)
  A giant gecko (D:1)
  An orc (D:2)
  A ball python (D:1)
  8 bats
  4 goblins
  5 hobgoblins
  A quokka (D:3)
  6 giant newts
  2 kobolds (D:1)
  10 rats
42 creatures vanquished.

Notes
Turn   | Place    | Note
--------------------------------------------------------------
     0 | D:1      | GrayLizard the Kobold Assassin began the quest for the Orb.
     0 | D:1      | Reached XP level 1. HP: 12/12 MP: 1/1
   370 | D:1      | Reached XP level 2. HP: 16/17 MP: 2/2
  1052 | D:3      | Reached skill level 6 in Stealth
  1052 | D:3      | Reached XP level 3. HP: 6/21 MP: 3/3
  1580 | D:2      | Found a stormy altar of Qazlal.
  2207 | D:2      | Reached XP level 4. HP: 22/27 MP: 4/4
  2944 | D:3      | Noticed STERN's ghost (amateur SpAs)
  2961 | D:3      | HP: 1/27 [poisoned by an adder]
  2970 | D:3      | Slain by an orc

Skill      XL: |  1  2  3 |
---------------+----------+-----
Stealth        | 6 |  6.3
Dodging        | 2 |  2.5
Fighting       | |  2.4
Short Blades   | |  2.9
Throwing       | |  2.5
Armour         | |  0.4

Action                   |  1- 3 |  4- 6 || total
-------------------------+-------+-------++-------
Melee: Dagger            |    79 |       ||    79
       Hand axe          |    19 |    26 ||    45
Throw: Throwing net      |     1 |       ||     1
 Stab: Sleeping          |     8 |     2 ||    10
  Eat: Meat ration       |     1 |       ||     1
Armor: Robe              |    29 |       ||    29
       Ring mail         |     4 |       ||     4
       Scale mail        |       |    40 ||    40
Dodge: Dodged            |   142 |    50 ||   192
